 Dungeon Crawl Stone Soup version 0.28-a0-1518-gbe868bca14 (webtiles) character file.

Game seed: 17762551628928905279

9653 oldriver the Fighter (level 11, -8/135 HPs)
             Began as a Gnoll Cinder Acolyte on Jan 16, 2022.
             Was a Believer of Ignis.
             Mangled by a cane toad (17 damage)
             ... on level 1 of the Lair of Beasts.
             The game lasted 00:33:19 (14563 turns).

oldriver the Fighter (Gnoll Cinder Acolyte)        Turns: 14563, Time: 00:33:20

Health: -8/135     AC: 25    Str: 17    XL:     11   Next: 49%
Magic:  30/30      EV:  2    Int: 13    God:    Ignis [**....]
Gold:   559        SH:  0    Dex:  9    Spells: 14/24 levels left

rFire   + . .      SeeInvis .   B - +0 long sword (vorpal)
rCold   . . .      Faith    .   y - +0 buckler
rNeg    . . .      Spirit   .   (armour currently unavailable)
rPois   +          Reflect  .   (helmet currently unavailable)
rElec   .          Harm     .   (cloak currently unavailable)
rCorr   .          Rampage  .   (gloves currently unavailable)
Will    .....      NoTele   +   (boots currently unavailable)
Stlth   +.........              (no amulet)
HPRegen 0.32/turn               c - ring of magical power
MPRegen 0.22/turn               D - ring of wizardry

@: confused, mighty, lethally poisoned (-8 -> -32), tree-form, ambrosia-drunk,
studying 2 skills
A: stationary, stasis, torment immunity, boosted hp, (fangs 1), strong nose,
distributed training
a: Renounce Religion, Fiery Armour, Foxfire Swarm, Rising Flame


You were on level 1 of the Lair of Beasts.
You worshipped Ignis.
Ignis was pleased with you.
You were a tree.
You visited 2 branches of the dungeon, and saw 10 of its levels.
You also visited: Sewer and Bailey.

You collected 559 gold pieces.

Inventory:

Hand Weapons
 a - a -1 falchion of venom
 f - a +6 vampiric dagger
 B - a +0 vorpal long sword (weapon)
Missiles
 b - 93 stones
 i - 5 poisoned darts (quivered)
Armour
 r - a +1 pair of boots (melded)
 w - a +0 pair of gloves (melded)
 y - a +0 buckler (worn)
 z - a +10 plate armour of ponderousness
 C - +0 steam dragon scales (melded)
Jewellery
 c - a ring of magical power (left branch)
 j - a ring of resist corrosion
 s - a ring of ice
 D - a ring of wizardry (right branch)
Wands
 u - a wand of flame (6)
 v - a wand of iceblast (6)
Scrolls
 g - 2 scrolls of blinking
 h - 2 scrolls of teleportation
 l - 3 scrolls of enchant armour
 o - 2 scrolls of amnesia
 q - a scroll of identify
 t - a scroll of fog
 x - a scroll of enchant weapon
Potions
 d - 4 potions of flight
 e - 2 potions of degeneration
 m - 2 potions of lignification
 p - a potion of brilliance


   Skills:
 + Level 10.0 Fighting
 + Level 6.3 Short Blades
 + Level 9.2 Long Blades
 + Level 6.3 Axes
 + Level 6.3 Maces & Flails
 + Level 6.3 Polearms
 + Level 6.3 Staves
 + Level 6.3 Slings
 + Level 6.3 Bows
 + Level 6.3 Crossbows
 + Level 6.3 Throwing
 + Level 7.5 Armour
 + Level 6.3 Dodging
 + Level 6.3 Stealth
 + Level 6.3 Shields
 + Level 6.3 Unarmed Combat
 + Level 7.0 Spellcasting
 + Level 5.2 Conjurations
 + Level 5.2 Hexes
 + Level 5.2 Summonings
 + Level 5.2 Necromancy
 + Level 5.2 Translocations
 + Level 5.2 Transmutations
 + Level 7.7 Fire Magic
 + Level 5.2 Ice Magic
 + Level 5.2 Air Magic
 + Level 5.2 Earth Magic
 + Level 5.2 Poison Magic
 + Level 7.0 Invocations
 + Level 6.3 Evocations


You had 14 spell levels left.
You knew the following spells:

 Your Spells              Type           Power      Damage    Failure   Level
a - Scorch                Fire           48%        2d7       1%          2
b - Call Canine Familiar  Summ           18%        N/A       2%          3
c - Yara's Violent Unrav  Hex/Tmut       9%         3d6       24%         5

Your spell library contained the following spells:

 Spells                   Type           Power      Damage    Failure   Level
 Confusing Touch          Hex            18%        N/A       2%          3
 Dazzling Flash           Conj/Hex       36%        N/A       2%          3
 Portal Projectile        Hex/Tloc       36%        N/A       2%          3
 Leda's Liquefaction      Hex/Erth       9%         N/A       9%          4
 Agony                    Necr           18%        N/A       24%         5
 Silence                  Hex/Air        9%         N/A       24%         5
 Enfeeble                 Hex            9%         N/A       99%         7


Dungeon Overview and Level Annotations

Branches:
Dungeon (9/15)             Temple (0/1) D:4            Lair (1/6) D:8
  Sewer (visited)          Bailey (visited)
    Orc: D:9-12

Altars:
Ashenzari
Cheibriados
Dithmenos
Elyvilon
Fedhas
Makhleb
Nemelex Xobeh
Ru
Sif Muna
Trog
Vehumet
Xom
The Shining One

Annotations:
D:3 1 runed translucent door, a3don's ghost, amateur FoFi
D:9 Gastronok


Innate Abilities, Weirdness & Mutations

You are a tree.
Your roots penetrate the ground, keeping you stationary.
You cannot be teleported.
You are immune to unholy pain and torment.
Your maximum health is greatly increased.
Your equipment is partially melded.
((You have very sharp teeth.))
Your uncanny sense of smell can sniff out nearby items.
Your experience applies equally to all skills.


Message History

The cane toad stings you.
You hit the cane toad but do no damage.
The cane toad is severely wounded.
You feel very sick. The cane toad stings you.
You are more poisoned.
The cane toad poisons you!
You hit the cane toad.
The cane toad is severely wounded.
You feel very sick. The cane toad stings you!
* * * LOW HITPOINT WARNING * * *
Unknown command.
You feel very mighty all of a sudden.
* * * LOW HITPOINT WARNING * * *
You feel very sick.
The cane toad stings you but does no damage.
The cane toad stings you!
* * * LOW HITPOINT WARNING * * *
You are more poisoned.
The cane toad poisons you!
Okay, then.
You are confused.
You feel invigorated.
* * * LOW HITPOINT WARNING * * *
You feel extremely sick.
The cane toad stings you but does no damage.
Unknown command.
You cannot move. (Use ctrl+direction or * direction to attack without moving.)
You cannot move. (Use ctrl+direction or * direction to attack without moving.)
Okay, then.
You cannot move. (Use ctrl+direction or * direction to attack without moving.)
You cannot move. (Use ctrl+direction or * direction to attack without moving.) Unknown command.
You barely miss the cane toad.
The cane toad is severely wounded.
* * * LOW HITPOINT WARNING * * *
You feel extremely sick. The cane toad stings you!
You die...

#..## #...# ##
#...#######...##.####.
...................F.....
............#.##.........
............#.8.#........
..>......................
............8.>.8#.......
.................#.......
...........#....♣#.......
.............#+##F.......
..........#.......#......
....##...8.......... ....
..........#....
..8..8..8..# .##
............. #
....8.......
.......l.....


You could see a cane toad.

Vanquished Creatures
  Pikel (D:6)
  An ugly thing (D:9)
  An orc knight (Bailey)
  A gargoyle (D:7)
  A komodo dragon (D:5)
  Grinder (D:4)
  A wyvern (D:8)
  25 yaks
  A basilisk (D:8)
  A steam dragon (D:7)
  Duvessa (D:6)
  A water moccasin (Lair:1)
  2 ice beasts
  7 orc warriors
  3 ogres (D:5)
  A sky beast (D:8)
  A black bear (D:8)
  2 necrophages
  2 centaurs
  A phantom (D:6)
  A lemure (D:6)
  2 kobold brigands
  Blork the orc (D:6)
  A gnoll sergeant (D:6)
  2 scorpions
  Dowan (D:6)
  6 killer bees (D:8)
  A water moccasin skeleton (D:5)
  A bullfrog zombie (D:5)
  2 jellies
  2 bullfrog skeletons
  2 centaur skeletons
  2 orc priests (D:5)
  4 centaur zombies
  2 hounds
  A scorpion zombie (D:5)
  4 orc wizards
  2 killer bee zombies
  2 hound skeletons
  10 gnolls
  6 adders
  A river rat (Sewer)
  A nameless horror (Bailey)
  3 ufetubi
  3 adder skeletons (D:4)
  2 dart slugs
  30 orcs
  5 endoplasms
  10 giant cockroaches
  15 goblins
  10 hobgoblins
  5 jackals
  6 quokkas
  14 ball pythons
  2 bats
  3 frilled lizards
  23 kobolds
  9 rats
252 creatures vanquished.

Vanquished Creatures (collateral kills)
  An orc (Bailey)
1 creature vanquished.

Vanquished Creatures (others)
  56 foxfires
  2 fungi (D:8)
  5 plants
  2 withered plants (D:3)
65 creatures vanquished.

Grand Total: 318 creatures vanquished

Notes
Turn   | Place    | Note
-------+----------+-------------------------------------------
     0 | D:1      | oldriver the Gnoll Cinder Acolyte began the quest for the
                  | Orb.
     0 | D:1      | Reached XP level 1. HP: 23/23 MP: 4/4
    18 | D:1      | Found a faded altar of an unknown god.
   365 | D:1      | Reached XP level 2. HP: 27/29 MP: 5/5
   439 | D:1      | Learned a level 2 spell: Scorch
   612 | D:1      | Reached XP level 3. HP: 35/35 MP: 3/7
  1184 | D:1      | Reached skill level 1 in Invocations
  1835 | D:2      | Reached skill level 1 in Short Blades
  1835 | D:2      | Reached skill level 1 in Axes
  1835 | D:2      | Reached skill level 1 in Maces & Flails
  1835 | D:2      | Reached skill level 1 in Polearms
  1835 | D:2      | Reached skill level 1 in Staves
  1835 | D:2      | Reached skill level 1 in Slings
  1835 | D:2      | Reached skill level 1 in Bows
  1835 | D:2      | Reached skill level 1 in Crossbows
  1835 | D:2      | Reached skill level 1 in Throwing
  1835 | D:2      | Reached skill level 1 in Armour
  1835 | D:2      | Reached skill level 1 in Dodging
  1835 | D:2      | Reached skill level 1 in Stealth
  1835 | D:2      | Reached skill level 1 in Shields
  1835 | D:2      | Reached skill level 1 in Unarmed Combat
  1835 | D:2      | Reached skill level 1 in Evocations
  2000 | D:2      | Reached XP level 4. HP: 25/41 MP: 6/8
  2883 | D:3      | Reached skill level 1 in Conjurations
  2883 | D:3      | Reached skill level 1 in Hexes
  2883 | D:3      | Reached skill level 1 in Summonings
  2883 | D:3      | Reached skill level 1 in Necromancy
  2883 | D:3      | Reached skill level 1 in Translocations
  2883 | D:3      | Reached skill level 1 in Transmutations
  2883 | D:3      | Reached skill level 1 in Ice Magic
  2883 | D:3      | Reached skill level 1 in Air Magic
  2883 | D:3      | Reached skill level 1 in Earth Magic
  2883 | D:3      | Reached skill level 1 in Poison Magic
  3160 | D:3      | Found a white marble altar of Elyvilon.
  3438 | D:3      | Found a runed translucent door.
  3438 | D:3      | Noticed a3don's ghost (amateur FoFi)
  3503 | D:3      | Found a broken altar of Ashenzari.
  3695 | D:4      | Reached XP level 5. HP: 46/47 MP: 9/9
  3847 | D:4      | Found a glowing drain.
  3879 | Sewer    | Entered a sewer
  4004 | Sewer    | Noticed a kobold brigand
  4025 | Sewer    | Killed a kobold brigand
  4026 | Sewer    | Reached XP level 6. HP: 43/53 MP: 3/11
  4200 | Sewer    | Found a white marble altar of Elyvilon.
  4607 | D:4      | Found a staircase to the Ecumenical Temple.
  4625 | D:4      | Identified the +0 robe "Giteic" {Str+7 Int-5}
  4733 | D:4      | Noticed Grinder
  4743 | D:4      | Killed Grinder
  4744 | D:4      | Reached XP level 7. HP: 48/59 MP: 3/12
  4966 | D:4      | Reached skill level 7 in Fighting
  5109 | D:4      | Found a glowing golden altar of the Shining One.
  5626 | D:5      | Entered Level 5 of the Dungeon
  5815 | D:5      | Found a sacrificial altar of Ru.
  5929 | D:5      | Reached XP level 8. HP: 57/67 MP: 8/14
  6024 | D:5      | Found a snail-covered altar of Cheibriados.
  6086 | D:5      | Noticed a komodo dragon
  6718 | D:5      | Found a radiant altar of Vehumet.
  6883 | D:5      | Killed a komodo dragon
  7132 | D:5      | Reached XP level 9. HP: 72/72 MP: 16/16
  7530 | D:6      | Noticed Pikel
  7539 | D:6      | Killed Pikel
  7540 | D:6      | Reached skill level 5 in Spellcasting
  7775 | D:6      | Noticed Blork the orc
  7783 | D:6      | Killed Blork the orc
  7833 | D:6      | Noticed Dowan
  7835 | D:6      | Noticed Duvessa
  7852 | D:6      | Killed Dowan
  7863 | D:6      | HP: 2/74 [Duvessa (13)]
  7877 | D:6      | Killed Duvessa
  7878 | D:6      | Reached skill level 8 in Fighting
  8648 | D:5      | Reached skill level 5 in Invocations
  9130 | D:7      | Found a burning altar of Makhleb.
  9130 | D:7      | Found a shadowy altar of Dithmenos.
  9150 | D:7      | Found a shimmering blue altar of Sif Muna.
  9152 | D:7      | Found a faded altar of an unknown god.
  9154 | D:7      | Found a sparkling altar of Nemelex Xobeh.
  9403 | D:7      | Found a flagged portal.
  9410 | Bailey   | Entered a bailey
  9513 | Bailey   | Learned a level 3 spell: Call Canine Familiar
  9700 | Bailey   | Reached XP level 10. HP: 21/80 MP: 18/18
 10427 | Bailey   | Noticed an orc knight
 10488 | Bailey   | Killed an orc knight
 10489 | Bailey   | Reached skill level 5 in Short Blades
 10489 | Bailey   | Reached skill level 5 in Axes
 10489 | Bailey   | Reached skill level 5 in Maces & Flails
 10489 | Bailey   | Reached skill level 5 in Polearms
 10489 | Bailey   | Reached skill level 5 in Staves
 10489 | Bailey   | Reached skill level 5 in Slings
 10489 | Bailey   | Reached skill level 5 in Bows
 10489 | Bailey   | Reached skill level 5 in Crossbows
 10489 | Bailey   | Reached skill level 5 in Throwing
 10489 | Bailey   | Reached skill level 5 in Armour
 10489 | Bailey   | Reached skill level 5 in Dodging
 10489 | Bailey   | Reached skill level 5 in Stealth
 10489 | Bailey   | Reached skill level 5 in Shields
 10489 | Bailey   | Reached skill level 5 in Unarmed Combat
 10489 | Bailey   | Reached skill level 5 in Evocations
 10872 | D:7      | Noticed a gargoyle
 11354 | D:8      | Reached skill level 9 in Fighting
 11386 | D:8      | Found a staircase to the Lair.
 11533 | D:8      | Found a bloodstained altar of Trog.
 11702 | D:8      | Found a shimmering altar of Xom.
 11702 | D:8      | Found a shimmering altar of Xom.
 11702 | D:8      | Found a shimmering altar of Xom.
 11702 | D:8      | Found a shimmering altar of Xom.
 11703 | D:8      | Found a shimmering altar of Xom.
 11704 | D:8      | Found a shimmering altar of Xom.
 11705 | D:8      | Found a shimmering altar of Xom.
 12028 | D:8      | Found a blossoming altar of Fedhas.
 12180 | D:9      | Noticed a brown ugly thing
 12187 | D:9      | Killed a brown ugly thing
 12188 | D:9      | Reached XP level 11. HP: 70/89 MP: 15/20
 12301 | D:9      | Noticed Gastronok
 12386 | Lair:1   | Entered Level 1 of the Lair of Beasts
 12683 | D:7      | Reached skill level 5 in Conjurations
 12683 | D:7      | Reached skill level 5 in Hexes
 12683 | D:7      | Reached skill level 5 in Summonings
 12683 | D:7      | Reached skill level 5 in Necromancy
 12683 | D:7      | Reached skill level 5 in Translocations
 12683 | D:7      | Reached skill level 5 in Transmutations
 12683 | D:7      | Reached skill level 5 in Ice Magic
 12683 | D:7      | Reached skill level 5 in Air Magic
 12683 | D:7      | Reached skill level 5 in Earth Magic
 12683 | D:7      | Reached skill level 5 in Poison Magic
 12817 | D:7      | Learned a level 5 spell: Yara's Violent Unravelling
 14514 | Lair:1   | Reached skill level 10 in Fighting
 14563 | Lair:1   | Mangled by a cane toad

Illustrated notes

Levels and vault maps discovered:
D:1:      tarquinn_simple_flora_water_f, layout_basic,
          shapermc_ecumenical_altar_starsandcircs,
          chequers_serial_rivers_room_a, minmay_pentomino_x4
D:2:      layout_basic
D:3:      layout_basic, nicolae_overflow_hidden_temple, marbit_many_paths,
          gammafunk_ghost_grave, corexii_item_surrounded_by_moat
D:4:      layout_rooms, amcnicky_altar_gilded, minmay_temple_entry_antechambers,
          portal_sewer_entry_d, nicolae_zen_rock_garden, chequers_big_river,
          uniq_grinder
D:5:      layout_cave_pools, general_overflow_altar, cheibriados_altar_1,
          vehumet_altar_wand_db
D:6:      layout_basic, kennysheep_generic_room_11, uniq_pikel, uniq_duvessa,
          uniq_blork_the_orc
D:7:      layout_loops_ring, chequers_temple_overflow_minitemple, enter_bailey_3
D:8:      layout_rooms, mainiacjoe_overflow_surrounded_room, xom_redecorated,
          mainiacjoe_overflow_small_starburst, david_lair_generic
D:9:      layout_roguey, serial_shops, nicolae_shop_waterfront, uniq_maggie,
          uniq_gastronok
Lair:1:   minmay_lair_oklob_tunnel, layout_small_grid, minivault_27,
          grunt_megastairs_3, serial_bayou_shore_a, lemuel_fruit_tree

Skill      XL: |  1  2  3  4  5  6  7  8  9 10 11 |
---------------+----------------------------------+-----
Invocations    | 1 2 3 4 5 6 7 |  7.0
Short Blades   | 1 2 3 4 5 6 |  6.3
Axes           | 1 2 3 4 5 6 |  6.3
Maces & Flails | 1 2 3 4 5 6 |  6.3
Polearms       | 1 2 3 4 5 6 |  6.3
Staves         | 1 2 3 4 5 6 |  6.3
Slings         | 1 2 3 4 5 6 |  6.3
Bows           | 1 2 3 4 5 6 |  6.3
Crossbows      | 1 2 3 4 5 6 |  6.3
Throwing       | 1 2 3 4 5 6 |  6.3
Armour         | 1 2 3 4 6 7 |  7.5
Dodging        | 1 2 3 4 5 6 |  6.3
Stealth        | 1 2 3 4 5 6 |  6.3
Shields        | 1 2 3 4 5 6 |  6.3
Unarmed Combat | 1 2 3 4 5 6 |  6.3
Evocations     | 1 2 3 4 5 6 |  6.3
Spellcasting   | 3 4 5 6 7 |  7.0
Conjurations   | 1 2 3 4 5 |  5.2
Hexes          | 1 2 3 4 5 |  5.2
Summonings     | 1 2 3 4 5 |  5.2
Necromancy     | 1 2 3 4 5 |  5.2
Translocations | 1 2 3 4 5 |  5.2
Transmutations | 1 2 3 4 5 |  5.2
Ice Magic      | 1 2 3 4 5 |  5.2
Air Magic      | 1 2 3 4 5 |  5.2
Earth Magic    | 1 2 3 4 5 |  5.2
Poison Magic   | 1 2 3 4 5 |  5.2
Fighting       | 7 8 9 10 | 10.0
Long Blades    | 7 8 9 |  9.2
Fire Magic     | 6 7 |  7.7

Action                   |  1- 3 |  4- 6 |  7- 9 | 10-12 || total
-------------------------+-------+-------+-------+-------++-------
Melee: Dagger            |    35 |     7 |    31 |   172 ||   245
       Falchion          |    14 |       |       |       ||    14
       Bite              |     2 |     2 |     4 |    36 ||    44
       Punch             |     2 |       |       |       ||     2
       Long sword        |       |       |       |    94 ||    94
Throw: Dart              |       |       |     5 |       ||     5
 Cast: Scorch            |    39 |    83 |   192 |   132 ||   446
       Call Canine Famil |       |       |     3 |    17 ||    20
Invok: Foxfire Swarm     |       |       |     2 |     1 ||     3
       Fiery Armour      |       |       |     1 |     3 ||     4
Evoke: Wand              |       |       |     3 |     1 ||     4
  Use: Scroll            |       |     3 |    14 |     3 ||    20
       Potion            |       |       |     3 |     7 ||    10
 Stab: Distracted        |       |       |       |     1 ||     1
       Sleeping          |       |       |       |     1 ||     1
Armor: Robe              |    19 |     3 |       |       ||    22
       Ring mail         |       |     2 |    33 |       ||    35
       Leather armour    |       |       |     9 |    75 ||    84
       Steam dragon scal |       |       |       |    27 ||    27
       Skin              |       |       |       |     4 ||     4
Dodge: Dodged            |    35 |    24 |   104 |   178 ||   341
Block: Buckler           |       |       |    12 |    47 ||    59

Table legend: (Time is in decaauts)
 A = Elapsed time spent in this place.
 B = Non-inter-level travel time spent in this place.
 C = Inter-level travel time spent in this place.
 D = Time resting spent in this place.
 E = Time spent auto-exploring this place.
 F = Levels seen in this place.
 G = Mean time per level.
                   A        B        C        D        E       F      G
               +--------+--------+--------+--------+--------+-----+--------+
         Total |  14730 |  14273 |    457 |   4448 |   7027 |  12 | 1227.5 |
       Dungeon |  12648 |  12192 |    456 |   3507 |   6552 |   9 | 1405.3 |
          Lair |    171 |    171 |      0 |      0 |     48 |   1 |  171.0 |
         Sewer |    416 |    416 |      0 |    132 |    195 |   1 |  416.0 |
        Bailey |   1494 |   1494 |      0 |    808 |    232 |   1 | 1494.0 |
               +--------+--------+--------+--------+--------+-----+--------+

Top non-repeatable levels by time:
     D:8: 2175 daAuts
     D:5: 1713 daAuts
     D:4: 1683 daAuts
     D:1: 1640 daAuts
     D:6: 1607 daAuts
     D:7: 1495 daAuts
  Bailey: 1494 daAuts
     D:3: 1070 daAuts
     D:2: 1054 daAuts
   Sewer: 416 daAuts
     D:9: 206 daAuts
  Lair:1: 171 daAuts
